 Dungeon Crawl Stone Soup version 0.27.1-1-g398f81649c (webtiles) character file.

Game seed: 6096806075201112989

51 Rickety the Shield-Bearer (level 3, -4/35 HPs)
             Began as a Gnoll Fighter on Sept 16, 2021.
             Slain by a gnoll (5 damage)
             ... on level 2 of the Dungeon.
             The game lasted 00:02:58 (969 turns).

Rickety the Shield-Bearer (Gnoll Fighter)            Turns: 969, Time: 00:02:59

Health: -4/35      AC:  5    Str: 16    XL:     3   Next: 83%
Magic:  4/4        EV:  9    Int:  7    God:
Gold:   47         SH: 10    Dex: 11    Spells: 4/4 levels left

rFire    . . .     SeeInvis .   a - +0 long sword
rCold    + . .     Faith    .   c - +0 kite shield
rNeg     . . .     Spirit   .   i - +2 leather armour {rC+}
rPois    .         Reflect  .   (no helmet)
rElec    .         Harm     .   (no cloak)
rCorr    .         Rampage  .   (no gloves)
Will     .....                  (no boots)
Stlth    +.........             (no amulet)
HPRegen  0.11/turn              (no ring)
MPRegen  0.09/turn              (no ring)

@: lethally poisoned (-4 -> -20)
A: fangs 1, strong nose, distributed training
a: no special abilities


You were on level 2 of the Dungeon.
You visited 1 branch of the dungeon, and saw 2 of its levels.

You collected 47 gold pieces.

Inventory:

Hand Weapons
 a - a +0 long sword (weapon)
Missiles
 l - a throwing net (quivered)
Armour
 b - a +0 scale mail
 c - a +0 kite shield (worn)
 i - a +2 leather armour of cold resistance (worn)
Jewellery
 h - an amulet of faith
Scrolls
 e - 2 scrolls of identify {unknown}
 f - a scroll of amnesia {unknown}
 j - a scroll of teleportation {unknown}
 k - a scroll of blinking {unknown}
Potions
 d - a potion of might
 g - a potion of curing {unknown}


   Skills:
 + Level 6.5 Fighting
 + Level 1.0 Short Blades
 + Level 4.6 Long Blades
 + Level 1.0 Axes
 + Level 1.0 Maces & Flails
 + Level 1.0 Polearms
 + Level 1.0 Staves
 + Level 1.0 Slings
 + Level 1.0 Bows
 + Level 1.0 Crossbows
 + Level 1.0 Throwing
 + Level 6.5 Armour
 + Level 1.0 Dodging
 + Level 1.0 Stealth
 + Level 6.5 Shields
 + Level 1.0 Unarmed Combat
 + Level 1.0 Spellcasting
 + Level 0.7 Conjurations
 + Level 0.7 Hexes
 + Level 0.7 Summonings
 + Level 0.7 Necromancy
 + Level 0.7 Translocations
 + Level 0.7 Transmutations
 + Level 0.7 Fire Magic
 + Level 0.7 Ice Magic
 + Level 0.7 Air Magic
 + Level 0.7 Earth Magic
 + Level 0.7 Poison Magic
 + Level 1.0 Invocations
 + Level 1.0 Evocations


You had 4 spell levels left.
You didn't know any spells.
Your spell library contained the following spells:

 Spells                   Type           Power      Damage    Failure   Level
 Portal Projectile        Hex/Tloc       2%         N/A       98%         3
 Blade Hands              Tmut           0%         N/A       100%        5
 Excruciating Wounds      Necr           0%         N/A       100%        5


Dungeon Overview and Level Annotations

Branches:
Dungeon (2/15)

Altars:


Innate Abilities, Weirdness & Mutations

You have very sharp teeth.
Your uncanny sense of smell can sniff out nearby items.
Your experience applies equally to all skills.


Message History

A gnoll comes into view. It is wielding a +0 spear of venom.
No target in view!
No target in view!
No target in view! 2 gnolls come into view.
Found 15 gold pieces and a runed trident.
The gnoll shouts! x2; You hear a shout!
A gnoll comes into view. It is wielding a +0 spear.
The gnoll throws a throwing net.
You block the throwing net.
The gnoll shouts!
You see here a throwing net.
l - a throwing net A hobgoblin comes into view.
The gnoll hits you but does no damage.
You are poisoned.
You slash the gnoll!
The gnoll is heavily wounded.
You feel very sick. The gnoll hits you but does no damage.
You hit the gnoll.
The gnoll is severely wounded.
You feel sick.
The gnoll hits you with a +0 spear of venom.
You are more poisoned.
The gnoll hits you from afar with a +0 spear.
The gnoll hits you but does no damage. You block the gnoll's attack.
The gnoll barely misses you.
You feel very sick. The gnoll hits you with a +0 spear!
* * * LOW HITPOINT WARNING * * *
The gnoll hits you with a +0 spear of venom.
* * * LOW HITPOINT WARNING * * *
You are more poisoned.
You block the gnoll's attack.
* * * LOW HITPOINT WARNING * * *
You feel very sick. The gnoll hits you with a +0 spear.
* * * LOW HITPOINT WARNING * * *
The gnoll hits you from afar with a +0 spear of venom.
You die...

#.#.............##
#.#........#.##.#
#.#...........#.#
#.#.........#.#.#
#.#[..........#.#
..#.............# #
#.#........#.#### #.
......###g#.# ###.###.#
#..@gg# ........#
#.#g### # #..# # #.#
#.#..# #..g...# #..<.#
#.gg...# ## ###..#
#.##.#.# ### #. ......)
..#.# ##.## #. #######
..###.####.#.########.
#...##.#............##.


You could see 4 gnolls.

Vanquished Creatures
  A gnoll (D:1)
  An adder (D:2)
  2 dart slugs
  3 ball pythons
  A giant cockroach (D:2)
  A goblin (D:2)
  4 hobgoblins
  4 kobolds
  2 quokkas (D:1)
  2 bats (D:1)
  4 frilled lizards
  4 rats
29 creatures vanquished.

Notes
Turn   | Place    | Note
-------+----------+-------------------------------------------
     0 | D:1      | Rickety the Gnoll Fighter began the quest for the Orb.
     0 | D:1      | Reached XP level 1. HP: 23/23 MP: 1/1
    40 | D:1      | You fall into a shaft and drop 1 floor!
   110 | D:2      | Reached XP level 2. HP: 24/29 MP: 2/2
   507 | D:1      | Reached XP level 3. HP: 23/35 MP: 2/4
   691 | D:1      | Found a faded altar of an unknown god.
   719 | D:1      | Reached skill level 1 in Invocations
   915 | D:2      | Reached skill level 1 in Short Blades
   915 | D:2      | Reached skill level 1 in Axes
   915 | D:2      | Reached skill level 1 in Maces & Flails
   915 | D:2      | Reached skill level 1 in Polearms
   915 | D:2      | Reached skill level 1 in Staves
   915 | D:2      | Reached skill level 1 in Slings
   915 | D:2      | Reached skill level 1 in Bows
   915 | D:2      | Reached skill level 1 in Crossbows
   915 | D:2      | Reached skill level 1 in Throwing
   915 | D:2      | Reached skill level 1 in Dodging
   915 | D:2      | Reached skill level 1 in Stealth
   915 | D:2      | Reached skill level 1 in Unarmed Combat
   915 | D:2      | Reached skill level 1 in Spellcasting
   915 | D:2      | Reached skill level 1 in Evocations
   969 | D:2      | HP: 1/35 [gnoll (3)]
   969 | D:2      | Slain by a gnoll

Illustrated notes

Levels and vault maps discovered:
D:1:      dpeg_arrival_tiny_a, layout_rooms, chequers_ecumenical_altar_island
D:2:      layout_loops_cross, serial_shops, shop, kennysheep_decorative_pillar,
          minmay_statues_item, minmay_stone_trees_small

Skill      XL: |  1  2  3 |
---------------+----------+-----
Invocations    | 1 |  1.0
Short Blades   | 1 |  1.0
Axes           | 1 |  1.0
Maces & Flails | 1 |  1.0
Polearms       | 1 |  1.0
Staves         | 1 |  1.0
Slings         | 1 |  1.0
Bows           | 1 |  1.0
Crossbows      | 1 |  1.0
Throwing       | 1 |  1.0
Dodging        | 1 |  1.0
Stealth        | 1 |  1.0
Unarmed Combat | 1 |  1.0
Spellcasting   | 1 |  1.0
Evocations     | 1 |  1.0
Fighting       | |  6.5
Long Blades    | |  4.6
Armour         | |  6.5
Shields        | |  6.5
Conjurations   | |  0.7
Hexes          | |  0.7
Summonings     | |  0.7
Necromancy     | |  0.7
Translocations | |  0.7
Transmutations | |  0.7
Fire Magic     | |  0.7
Ice Magic      | |  0.7
Air Magic      | |  0.7
Earth Magic    | |  0.7
Poison Magic   | |  0.7

Action                   || total
-------------------------++-------
Melee: Long sword        ||    81
       Bite              ||     5
Armor: Scale mail        ||    16
       Leather armour    ||    22
Dodge: Dodged            ||    24
Block: Kite shield       ||    40
       Rpst.: Long sword ||     8
